AoeStats
← GORGORY

Arena

509120953Analyzed
2v2 RM · 7d ago on Sep 25, 2026· 41m 57s· 4 players
Game mode
Random Map
Map size
Medium (4 player)
Population
200
Speed
Normal
Resources
Standard
Victory
Conquest
Starting age
Dark Age
Ending age
Imperial Age
RankedLock teamsTeams togetherTeam positionsShared explorationLock speedFull tech treeHidden civsTurbo modeCheats
Victory
Defeat
🇦🇷 Ethiopians · Argentina
934
+12
🇩🇪 Sicilians · Germany
927
+12
🇮🇳 Danes · India
847
-12
🇮🇳 Vikings · India
840
-12
uchiha7itachi
12:05 Feudal Age
15:53 Castle Age
14:37 Double-Bit Axe
15:20 Horse Collar
17:48 Bow Saw
25:11 Gold Mining
25:11 Stone Mining
25:31 Squires
25:16 Arson
31:36 Imperial Age
30:00 Forging
29:50 Scale Mail Armor
29:15 Crossbowman
29:19 Man-at-Arms
32:58 Loom
35:44 Imperial Age
36:39 Iron Casting
36:19 Chain Mail Armor
37:45 Ballistics
37:57 Fletching
38:07 Padded Archer Armor
37:35 Long Swordsman
38:43 Conscription
38:30 Chieftains
38:19 Arbalester
40:20 Blast Furnace
39:51 Plate Mail Armor
39:17 Bodkin Arrow
39:40 Two-Handed Swordsman
42:06 Plate Mail Armor
CookieHunter
10:50 Feudal Age
10:03 Loom
14:54 Castle Age
13:01 Double-Bit Axe
13:06 Horse Collar
15:56 Bow Saw
19:30 Wheelbarrow
25:27 Hand Cart
31:48 Imperial Age
29:15 Fletching
30:21 Bloodlines
30:13 Husbandry
30:21 Stone Mining
30:56 Bodkin Arrow
31:44 Scale Mail Armor
31:36 Pikeman
32:29 Forging
33:14 Chain Mail Armor
33:02 Light Cavalry
33:25 Hamask
34:37 Ballistics
34:39 Capped Ram
34:59 Elite Varangian Guard
36:36 Plate Mail Armor
36:12 Gambesons
36:15 Arson
36:33 Squires
38:03 Iron Casting
38:43 Siege Ram
42:55 Blast Furnace
Heftilus
11:55 Feudal Age
14:31 Loom
14:47 Loom
17:34 Castle Age
15:49 Double-Bit Axe
18:45 Fletching
22:39 Bow Saw
22:41 Horse Collar
22:59 Murder Holes
25:44 Gold Mining
33:27 Imperial Age
31:35 Ballistics
31:39 First Crusade
31:53 Scale Mail Armor
33:06 Gold Shaft Mining
32:48 Masonry
32:37 Bodkin Arrow
33:29 Wheelbarrow
32:55 Stone Mining
33:33 Squires
33:19 Arson
33:40 Padded Archer Armor
33:57 Forging
34:04 Chain Mail Armor
33:42 Elite Serjeant
34:25 Town Watch
35:22 Conscription
36:05 Chemistry
35:58 Iron Casting
35:53 Hand Cart
36:09 Town Patrol
36:56 Stone Shaft Mining
37:24 Hoardings
38:29 Blast Furnace
37:30 Bracer
37:45 Leather Archer Armor
38:38 Plate Mail Armor
37:56 Arrowslits
39:37 Gambesons
39:12 Man-at-Arms
39:13 Pikeman
40:02 Siege Engineers
GORGORY
5:39 Loom
8:47 Feudal Age
9:13 Double-Bit Axe
9:16 Horse Collar
13:07 Wheelbarrow
17:11 Castle Age
17:38 Stone Mining
17:40 Gold Mining
18:46 Fervor
19:13 Bow Saw
20:11 Fervor
22:14 Sanctity
23:53 Heavy Plow
24:54 Forging
25:43 Town Watch
26:00 Scale Mail Armor
26:25 Squires
26:10 Arson
27:23 Chain Mail Armor
27:43 Iron Casting
29:59 Hand Cart
32:01 Town Patrol
35:21 Imperial Age
33:33 Ballistics
33:09 Murder Holes
34:51 Gold Shaft Mining
35:42 Iron Casting
34:29 Crossbowman
35:14 Thumb Ring
35:01 Fletching
35:12 Padded Archer Armor
36:20 Stone Shaft Mining
35:46 Capped Ram
35:49 Elite Shotel Warrior
36:49 Conscription
37:18 Royal Heirs
38:40 Two-Man Saw
37:48 Siege Ram
40:24 Plate Mail Armor
42:09 Bodkin Arrow
42:29 Leather Archer Armor
43:16 Blast Furnace
41:37 Arbalester
Connection lost

Rejoining the realm…

Still unreachable

The connection could not be restored.

Session expired

The server has moved on; the page needs a fresh start.